 Dungeon Crawl Stone Soup version 0.16.1-30-g34a7ffa (webtiles) character file.

102 karol the Cudgeler (level 4, -3/40 HPs)
             Began as a Minotaur Berserker on June 30, 2015.
             Was a Priest of Trog.
             Slain by Edmund
             ... wielding a +5 flail of venom
              (9 damage)
             ... on level 4 of the Dungeon.
             The game lasted 00:06:09 (1929 turns).

karol the Cudgeler (Minotaur Berserker)             Turns: 1929, Time: 00:06:09

Health: -3/40      AC: 13    Str: 22    XL:     4   Next: 50%
Magic:  2/2        EV:  7    Int:  4    God:    Trog [***...]
Gold:   56         SH:  0    Dex: 10    Spells: 0 memorised, 3 levels left

rFire  . . .     SeeInvis .     w - +0 morningstar
rCold  . . .     Clarity  .     k - +0 plate armour {MR+}
rNeg   . . .     SustAb   .     (no shield)
rPois  .         Gourm    .     (helmet restricted)
rElec  .         Spirit   .     g - +0 cloak
rCorr  .         Warding  .     (no gloves)
rMut   .         Stasis   .     m - +0 pair of boots (curse)
MR     +....                    (no amulet)
Stlth  ..........               (no ring)
                                (no ring)

@: lethally poisoned (-3 -> -27), somewhat resistant to hostile enchantments,
extremely unstealthy
A: retaliatory headbutt, horns 2
a: Burn Spellbooks, Berserk, Trog's Hand, Renounce Religion


You were on level 4 of the Dungeon.
You worshipped Trog.
Trog was most pleased with you.
You were not hungry.

You visited 1 branch of the dungeon, and saw 4 of its levels.

You collected 56 gold pieces.

Inventory:

Hand weapons
 w - a +0 morningstar (weapon)
Armour
 g - a +0 cloak (worn)
 k - a +0 plate armour of magic resistance (worn)
 m - a cursed +0 pair of boots (worn)
Jewellery
 h - a +3 ring of slaying {unknown}
 v - an uncursed ring of fire {unknown}
Magical devices
 p - a wand of digging (12)
Scrolls
 d - a scroll of fear {unknown}
 e - 2 scrolls of recharging {unknown}
 f - 2 scrolls of identify {unknown}
 i - a scroll of teleportation {unknown}
 l - a scroll of blinking {unknown}
 o - 2 scrolls of remove curse {unknown}
 q - a scroll of noise {unknown}
Potions
 j - 2 potions of curing {unknown}
 n - a potion of might {unknown}
 r - a potion of flight {unknown}
 s - 2 potions of agility {unknown}
 u - a potion of ambrosia {unknown}
Comestibles
 b - 3 meat rations
 c - 3 bread rations
 t - a slice of pizza


   Skills:
 - Level 3.7 Fighting
 + Level 6.3 Maces & Flails
 - Level 2.4 Armour
 - Level 2.3 Dodging


You had 3 spell levels left.
You didn't know any spells.

Dungeon Overview and Level Annotations

Branches:
Dungeon (4/15)
 Temple: D:4-7

Altars:
Ashenzari
Dithmenos

Annotations:
D:4 Edmund


Innate Abilities, Weirdness & Mutations

You reflexively headbutt those who attack you in melee.
You have a pair of horns on your head.


Message History

Edmund is moderately wounded.
You feel sick. Edmund hits you with a flail of venom!
You hit Edmund but do no damage. Your headbutt misses Edmund.
Edmund is moderately wounded.
You feel sick. Edmund hits you but does no damage.
You are more poisoned.
You closely miss Edmund. You headbutt Edmund!
Edmund is heavily wounded.
You feel sick.
You hit Edmund.
Edmund is heavily wounded.
You feel sick.
Edmund drinks a potion.
Edmund goes berserk!
You feel sick. Edmund hits you with a flail of venom.
* * * LOW HITPOINT WARNING * * *
You are more poisoned.
* * * LOW HITPOINT WARNING * * *
You feel sick.
* * * LOW HITPOINT WARNING * * *
You feel sick. Edmund hits you with a flail of venom!
You die...

..# #.# #.# #.#
#.# . #.### #..
#... . .##..
#######.####.....
...[..
#....@@.†....#
......###
#.#####..........
.......## #.#
######.###
#.....###.#######
#
#.....).>.........
#...<.###.#####.#
##...## #.# ##.##
#.# .... ..#


You could see Edmund (berserk).

Vanquished Creatures
  2 adders (D:3)
  A giant mite (D:3)
  4 worms
  3 giant geckos
  2 orcs
  A ball python (D:3)
  3 giant cockroaches
  5 hobgoblins
  2 jackals (D:4)
  5 kobolds
  A quokka (D:2)
  7 bats
  3 giant newts
  5 goblins
  7 rats
51 creatures vanquished.

Notes
Turn   | Place    | Note
--------------------------------------------------------------
     0 | D:1      | karol, the Minotaur Berserker, began the quest for the Orb.
     0 | D:1      | Reached XP level 1. HP: 19/19 MP: 1/1
   245 | D:1      | Reached skill level 4 in Maces & Flails
   397 | D:1      | Reached XP level 2. HP: 27/27 MP: 1/1
   897 | D:2      | Acquired Trog's second power
   926 | D:2      | Found a shadowy altar of Dithmenos.
   944 | D:2      | Reached XP level 3. HP: 33/33 MP: 2/2
   961 | D:2      | Reached skill level 5 in Maces & Flails
  1220 | D:2      | Found a shattered altar of Ashenzari.
  1725 | D:3      | Reached XP level 4. HP: 40/40 MP: 2/2
  1793 | D:3      | Reached skill level 6 in Maces & Flails
  1915 | D:4      | Noticed Edmund
  1929 | D:4      | Slain by Edmund

Action                   |  1- 3 |  4- 6 || total
-------------------------+-------+-------++-------
Melee: Mace              |   100 |    20 ||   120
       Morningstar       |       |    14 ||    14
 Stab: Sleeping          |     1 |       ||     1
  Eat: Chunk             |     3 |       ||     3
